 Dungeon Crawl Stone Soup version 0.20-a0-214-gb74cb0e (webtiles) character file.

380 KristoblXynda the Chucker (level 6, -6/62 HPs)
             Began as an Ogre Hunter on Nov 27, 2016.
             Mangled by an orc
             ... wielding a +0 flail
              (9 damage)
             ... while paralysed by Grinder
             ... on level 4 of the Dungeon.
             The game lasted 00:09:23 (4464 turns).

KristoblXynda the Chucker (Ogre Hunter)             Turns: 4464, Time: 00:09:23

Health: -6/62      AC:  2    Str: 19    XL:     6   Next: 75%
Magic:  6/6        EV:  1    Int: 11    God:
Gold:   156        SH:  0    Dex: 10    Spells: 5/5 levels left

rFire  . . .     SeeInvis .     r - +0 whip (curse)
rCold  . . .     Gourm    .     b - +1 robe
rNeg   . . .     Faith    .     (no shield)
rPois  .         Spirit   .     (helmet restricted)
rElec  .         Reflect  .     n - +0 cloak
rCorr  .         Harm     .     (gloves unavailable)
MR     .....                    (boots unavailable)
Stlth  +.........               k - amulet of regeneration
                                (no ring)
                                o - -3 ring of protection (curse)

@: paralysed
A: unfitting armour, tough skin 1
a: no special abilities


You were on level 4 of the Dungeon.
You were not hungry.

You visited 1 branch of the dungeon, and saw 4 of its levels.
You also visited: Sewer.

You collected 314 gold pieces.
You spent 158 gold pieces at shops.

Inventory:

Hand Weapons
 g - a +1 flail of crushing
 r - a cursed +0 whip (weapon)
Missiles
 c - 3 large rocks (quivered)
 d - a throwing net
Armour
 b - a +1 robe (worn)
 n - a +0 cloak (worn)
Jewellery
 k - an amulet of regeneration (around neck)
 o - a cursed -3 ring of protection (left hand)
Wands
 m - a wand of heal wounds (1/9)
Scrolls
 e - a scroll of teleportation
 h - a scroll of amnesia
Comestibles
 a - 2 fruits
 f - a bread ration
 l - a meat ration


   Skills:
 - Level 4.1 Fighting
 + Level 3.2 Maces & Flails
 + Level 5.7 Throwing
 + Level 3.8 Dodging
 - Level 0.6 Stealth


You had 5 spell levels left.
You didn't know any spells.

Dungeon Overview and Level Annotations

Branches:
Dungeon (4/15)
 Temple: D:4-7

Altars:
Vehumet

Shops:
D:4 (

Annotations:
D:4 Eustachio, Grinder


Innate Abilities, Weirdness & Mutations

You are too large for most types of armour.
You have tough skin. (AC +1)


Message History

Found a stone staircase leading down.
An adder, an orc, an orc wizard and Grinder come into view.
Grinder shouts!
The orc wizard shouts!
The orc shouts!
Grinder blinks!
The orc misses you. Grinder gestures at you. Pain shoots through your body!
* * * LOW HITPOINT WARNING * * *
The adder hisses angrily.
Grinder says, "Just stop there for a second..."
Grinder gestures at you.
You suddenly lose the ability to move!
The orc hits you.
* * * LOW HITPOINT WARNING * * *
The orc wizard hits you with a dagger.
* * * LOW HITPOINT WARNING * * *
The orc hits you.
* * * LOW HITPOINT WARNING * * *
The orc hits you with a flail!
You die...

###########
#.....>...#
#.........#
#..!......###
#............
#....S....#
#...ooo5..#
#####@#####
#.# ...
########
#........###
.......#
#..........#
.......#
#........#.##
......(#
#............
.......#
#............
.......#
#.....<...#


You could see Grinder, an orc wizard, an adder and 2 orcs.

Vanquished Creatures
  A phantom (D:4)
  A crocodile (Sewer)
  Jessica (D:2)
  Ijyb (D:2)
  5 adders
  5 worms
  2 leopard geckos
  9 orcs
  5 giant cockroaches
  13 goblins
  15 hobgoblins
  2 quokkas
  A ball python (D:2)
  12 bats
  7 frilled lizards
  6 kobolds
  8 rats
94 creatures vanquished.

Notes
Turn   | Place    | Note
-------+----------+-------------------------------------------
     0 | D:1      | KristoblXynda the Ogre Hunter began the quest for the Orb.
     0 | D:1      | Reached XP level 1. HP: 22/22 MP: 1/1
   733 | D:1      | Reached XP level 2. HP: 30/31 MP: 2/2
   793 | D:2      | Noticed Ijyb
   797 | D:2      | Killed Ijyb
   797 | D:2      | Reached XP level 3. HP: 37/37 MP: 3/3
   830 | D:2      | Noticed Jessica
  1668 | D:2      | Reached XP level 4. HP: 23/48 MP: 4/4
  1680 | D:2      | Found a radiant altar of Vehumet.
  2078 | D:2      | Killed Jessica
  2269 | D:3      | Reached XP level 5. HP: 53/54 MP: 5/5
  2459 | D:3      | Reached skill level 1 in Maces & Flails
  2478 | D:3      | Reached skill level 5 in Throwing
  2606 | D:3      | Found a glowing drain.
  2702 | Sewer    | Entered a sewer
  2748 | Sewer    | Noticed a crocodile
  2753 | Sewer    | Killed a crocodile
  2753 | Sewer    | Reached XP level 6. HP: 43/62 MP: 6/6
  3974 | D:4      | Noticed Eustachio
  3981 | D:4      | Noticed a phantom
  4051 | D:4      | Killed a phantom
  4231 | D:4      | Noticed a moth of wrath
  4358 | D:4      | Found Heiqum's Weapon Emporium.
  4427 | D:4      | Bought a +1 flail of crushing for 158 gold pieces
  4460 | D:4      | Noticed Grinder
  4462 | D:4      | Paralysed by Grinder for 7 turns
  4464 | D:4      | HP: 3/62 [orc (3)]
  4464 | D:4      | Mangled by an orc

Vault maps used:
D:1:      onia_arrival_mini_spirals
D:2:      marbit_many_paths, uniq_iyjb, uniq_jessica
D:3:      cheibrodos_greedy_goblins, gup_sewer_entry_glass
D:4:      tgw_trog, serial_shops, shop, nicolae_ru_the_path_less_chosen,
          uniq_eustachio, uniq_grinder
Sewer:    sewer_big_baddie

Skill      XL: |  1  2  3  4  5  6 |
---------------+-------------------+-----
Dodging        | 2 3 |  3.8
Fighting       | 3 4 |  4.1
Maces & Flails | 2 3 |  3.2
Throwing       | 5 |  5.7
Stealth        | |  0.6

Action                   |  1- 3 |  4- 6 || total
-------------------------+-------+-------++-------
Melee: Club              |   108 |   337 ||   445
       Whip              |       |   194 ||   194
Throw: Large rock        |     2 |    18 ||    20
       Throwing net      |       |     1 ||     1
Evoke: Wand              |       |     1 ||     1
  Use: Scroll            |     1 |     6 ||     7
       Potion            |     1 |     5 ||     6
 Stab: Sleeping          |       |     2 ||     2
       Held in net/web   |       |     1 ||     1
  Eat: Chunk             |     1 |     8 ||     9
       Beef jerky        |     1 |       ||     1
       Fruit             |       |     2 ||     2
Armor: Robe              |    28 |   160 ||   188
Dodge: Dodged            |    66 |   443 ||   509
